 Dungeon Crawl Stone Soup version 0.27-a0-1071-ga85bd9520d (webtiles) character file.

Game seed: 4709559683474318006

124 leviel the Skirmisher (level 5, 0/48 HPs)
             Began as a Hill Orc Fighter on Apr 24, 2021.
             Killed from afar by Ijyb (7 damage)
             ... with a bolt of acid
             ... on level 3 of the Dungeon.
             The game lasted 00:02:11 (2091 turns).

leviel the Skirmisher (Hill Orc Fighter)            Turns: 2091, Time: 00:02:13

Health: 0/48       AC:  4    Str: 20    XL:     5   Next: 8%
Magic:  5/5        EV:  7    Int:  8    God:
Gold:   61         SH:  9    Dex: 10    Spells: 4/4 levels left

rFire    + . .     SeeInvis .   k - +1 war axe (elec)
rCold    + . .     Faith    .   c - +0 kite shield
rNeg     . . .     Spirit   .   b - +0 scale mail
rPois    +         Reflect  .   (no helmet)
rElec    +         Harm     .   e - +0 cloak
rCorr    +         Rampage  .   (no gloves)
Will     .....                  (no boots)
Stlth    ..........             (no amulet)
HPRegen  0.16/turn              (no ring)
MPRegen  0.09/turn              (no ring)

@: mighty, resistant, corroded
A: no striking features
a: no special abilities


You were on level 3 of the Dungeon.
You visited 1 branch of the dungeon, and saw 3 of its levels.

You collected 61 gold pieces.

Inventory:

Hand Weapons
 a - a +0 war axe
 k - a +1 war axe of electrocution (weapon)
Armour
 b - a +0 scale mail (worn)
 c - a +0 kite shield (worn)
 e - a +0 cloak (worn)
Scrolls
 h - a scroll of enchant armour {unknown}
 i - a scroll of immolation {unknown}
Potions
 g - a potion of flight {unknown}
 l - a potion of magic {unknown}


   Skills:
 + Level 5.3 Fighting
 + Level 5.1 Axes
 - Level 3.2 Armour
 - Level 3.2 Shields


You had 4 spell levels left.
You didn't know any spells.
Your spell library contained the following spells:

 Spells                   Type           Power      Damage    Failure   Level
 Sandblast                Erth           0%         2d4       99%         1
 Passwall                 Tmut/Erth      0%         N/A       100%        2
 Stone Arrow              Conj/Erth      0%         3d7       100%        3
 Petrify                  Tmut/Erth      0%         N/A       100%        4
 Lee's Rapid Deconstruct  Erth           0%         3d5*      100%        5


Dungeon Overview and Level Annotations

Branches:
Dungeon (3/15)

Altars:
Dithmenos
Qazlal
Xom

Shops:
D:1 (

Annotations:
D:3 2 transporters, Ijyb


Message History

You now have 61 gold pieces (gained 17).
There is a stone staircase leading up here.
There is a stone staircase leading up here.
Ijyb the Twisted Goblin comes into view.
She is wielding a +0 club and carrying a wand of acid (8).
Ijyb shouts!
You slash Ijyb! Lightning courses through Ijyb!
Ijyb is almost dead.
Ijyb drinks a potion.
Ijyb is healed!
Ijyb zaps a wand.
The bolt of acid hits you! The acid corrodes you!
You are splashed with acid!
You are too injured to fight recklessly!
You are too injured to fight recklessly!
You are too injured to fight recklessly!
You are too injured to fight recklessly!
You are too injured to fight recklessly!
You are too injured to fight recklessly!
You are too injured to fight recklessly!
You are too injured to fight recklessly!
You are too injured to fight recklessly!
You are too injured to fight recklessly!
You are too injured to fight recklessly!
You are too injured to fight recklessly!
You are too injured to fight recklessly!
You are too injured to fight recklessly!
Unknown command.
You are too injured to fight recklessly!
You feel very mighty all of a sudden. Ijyb hits you with a +0 club.
You feel protected. You block Ijyb's attack.
You slash Ijyb! Lightning courses through Ijyb!
Ijyb is almost dead.
Ijyb drinks a potion.
Ijyb is healed!
You hit Ijyb.
Ijyb is moderately wounded.
Ijyb zaps a wand.
The bolt of acid hits you. You resist.
* * * LOW HITPOINT WARNING * * *
You are splashed with acid!
You resist.
* * * LOW HITPOINT WARNING * * *
Ijyb zaps a wand.
The bolt of acid hits you! You resist.
You die...

......# .....#
.....# ....#
....######
#####........#
#....g.......#
###....@.......#
..................#
#..................#
#.
#.......####.###.#.#
#.##.......# #.# #.#
#.##.......# #.# #.#
#.##.......##
#.###.#
#............
#...#.#
#............
###.#.#


You could see Ijyb.

Vanquished Creatures
  3 gnolls (D:3)
  4 adders
  A dart slug (D:2)
  An orc (D:2)
  6 ball pythons
  2 bats
  5 endoplasms
  3 giant cockroaches
  5 goblins
  9 hobgoblins
  A jackal (D:2)
  2 quokkas (D:1)
  3 frilled lizards
  4 kobolds
  4 rats
53 creatures vanquished.

Notes
Turn   | Place    | Note
-------+----------+-------------------------------------------
     0 | D:1      | leviel the Hill Orc Fighter began the quest for the Orb.
     0 | D:1      | Reached XP level 1. HP: 19/19 MP: 1/1
   148 | D:1      | Reached XP level 2. HP: 27/27 MP: 2/2
   165 | D:1      | Found a faded altar of an unknown god.
   208 | D:1      | Found Bocow's Antique Weapon Shop.
   671 | D:2      | Found a stormy altar of Qazlal.
   673 | D:2      | Reached XP level 3. HP: 34/34 MP: 3/3
  1542 | D:3      | Reached XP level 4. HP: 28/41 MP: 4/4
  1542 | D:3      | Found a shadowy altar of Dithmenos.
  1724 | D:3      | Reached skill level 5 in Fighting
  1854 | D:3      | Reached skill level 5 in Axes
  1972 | D:3      | Reached XP level 5. HP: 44/48 MP: 5/5
  2022 | D:3      | Found a transporter.
  2026 | D:3      | Found a transporter.
  2037 | D:3      | Found a shimmering altar of Xom.
  2084 | D:3      | Noticed Ijyb
  2091 | D:3      | Killed from afar by Ijyb

Illustrated notes

Levels and vault maps discovered:
D:1:      sevenhm_arrival_forest_fort_large_3, layout_rooms,
          shapermc_ecumenical_altar_mp_highgroup, serial_shops, shop
D:2:      layout_basic, basic_altar, kennysheep_generic_room_15
D:3:      kennysheep_big_flooded_room, layout_basic,
          nicolae_dithmenos_shadow_blocks, gammafunk_temple_overflow_arena,
          minmay_starry_boxes, uniq_ijyb

Skill      XL: |  1  2  3  4 |
---------------+-------------+-----
Axes           | 3 4 5 |  5.1
Fighting       | 4 5 |  5.3
Armour         | |  3.2
Shields        | |  3.2

Action                   |  1- 3 |  4- 6 || total
-------------------------+-------+-------++-------
Melee: War axe           |    65 |    37 ||   102
  Use: Scroll            |     4 |       ||     4
       Potion            |       |     2 ||     2
Armor: Scale mail        |    31 |     7 ||    38
Dodge: Dodged            |    16 |     9 ||    25
Block: Kite shield       |    30 |    13 ||    43

Table legend: (Time is in decaauts)
 A = Elapsed time spent in this place.
 B = Non-inter-level travel time spent in this place.
 C = Inter-level travel time spent in this place.
 D = Time resting spent in this place.
 E = Time spent auto-exploring this place.
 F = Levels seen in this place.
 G = Mean time per level.
                   A        B        C        D        E       F      G
               +--------+--------+--------+--------+--------+-----+--------+
         Total |   2148 |   2073 |     75 |    297 |   1462 |   3 |  716.0 |
       Dungeon |   2148 |   2073 |     75 |    297 |   1462 |   3 |  716.0 |
               +--------+--------+--------+--------+--------+-----+--------+

Top non-repeatable levels by time:
     D:2: 1143 daAuts
     D:1: 668 daAuts
     D:3: 335 daAuts
